 Dungeon Crawl Stone Soup version 0.30-a0-365-ge7f957f1db (webtiles) character file.

Game seed: 16218643983305671928

2667 bande the Chopper (level 9, -5/55 HPs)
             Began as a Gargoyle Fighter on Nov 17, 2022.
             Was a Follower of Okawaru.
             Slain by an orc knight
             ... wielding a +0 war axe
              (17 damage)
             ... in a bailey.
             The game lasted 00:12:27 (8616 turns).

bande the Chopper (Gargoyle Fighter)                Turns: 8616, Time: 00:12:28

Health: -5/55      AC: 19    Str: 21    XL:     9   Next: 63%
Magic:  11/11      EV:  9    Int:  8    God:    Okawaru [*.....]
Gold:   392        SH:  8    Dex: 16    Spells: 8/8 levels left

rFire   . . .      SeeInvis .    a - +1 war axe
rCold   . . .      Faith    .    w - +3 buckler of the Original Sin {Dex+3}
rNeg    + . .      Spirit   .    b - +0 scale mail
rPois   ∞          Reflect  .    (no helmet)
rElec   +          Harm     .    i - +0 cloak
rCorr   .          Rampage  .    (no gloves)
Will    +....                    (no boots)
Stlth   ..........               (no amulet)
HPRegen 0.29/turn                h - ring of willpower
MPRegen 0.12/turn                t - +4 ring of protection

@: mighty
A: sickness immunity, AC +6, negative energy resistance 1, electricity
resistance, torment resistance 1, petrification resistance
a: Renounce Religion, Heroism


You were in a bailey.
You worshipped Okawaru.
Okawaru was aware of your devotion.
You visited 2 branches of the dungeon, and saw 8 of its levels.
You also visited: Bailey.

You collected 392 gold pieces.

Inventory:

Hand Weapons
 a - a +1 war axe (weapon)
 x - a +0 war axe
Missiles
 j - 2 throwing nets (quivered)
Armour
 b - a +0 scale mail (worn)
 i - a +0 cloak (worn)
 w - the +3 buckler of the Original Sin (worn) {Dex+3}
   (You found it on level 6 of the Dungeon)

   Dex:       It affects your dexterity (+3).
Jewellery
 h - a ring of willpower (left hand)
 n - a +6 ring of dexterity
 t - a +4 ring of protection (right hand)
Wands
 f - a wand of paralysis (8)
 k - a wand of acid (13)
 s - a wand of polymorph (2)
 u - a wand of flame (26)
Scrolls
 c - a scroll of enchant weapon
 e - 3 scrolls of identify
 g - 4 scrolls of teleportation
Potions
 d - a potion of might
 m - 2 potions of haste
 o - a potion of flight
 p - a potion of curing
 q - a potion of brilliance
 r - 3 potions of invisibility
 v - a potion of mutation {unknown}


   Skills:
 + Level 6.1 Fighting
 + Level 7.5 Axes
 + Level 6.8 Armour
 + Level 5.2 Shields
 + Level 0.3 Unarmed Combat
 * Level 2.7 Invocations
 * Level 4.5 Evocations


You had 8 spell levels left.
You didn't know any spells.
Your spell library contained the following spells:

 Spells                   Type           Power      Damage    Failure   Level
 Dispel Undead            Necr           0%         3d6       100%        4
 Summon Small Mammal      Summ           Unusable   N/A       N/A         1
 Cigotuvi's Dreadful Rot  Necr/Pois/Air  Unusable   N/A       N/A         2
 Call Canine Familiar     Summ           Unusable   N/A       N/A         3
 Summon Guardian Golem    Hex/Summ       Unusable   N/A       N/A         3
 Summon Forest            Summ/Tloc      Unusable   N/A       N/A         5
 Summon Mana Viper        Hex/Summ       Unusable   N/A       N/A         5
 Death Channel            Necr           Unusable   N/A       N/A         6
 Summon Cactus Giant      Summ           Unusable   N/A       N/A         6

Dungeon Overview and Level Annotations

Branches:
Dungeon (7/15)             Temple (1/1) D:6          Bailey (1/1)

Altars:
Cheibriados
Dithmenos
Makhleb
Nemelex Xobeh
Okawaru
Qazlal
Ru
Uskayaw
Wu Jian
Xom
Zin
The Shining One


Innate Abilities, Weirdness & Mutations

You are immune to sickness and miasma.
Your stone body is resilient. (AC +6)
You are immune to poison.
You resist negative energy. (rN+)
You are resistant to electric shocks. (rElec)
You are resistant to unholy torment.
You are immune to petrification.


Message History

You hit the orc knight but do no damage.
The orc knight is lightly wounded.
You hit the orc warrior. You hit the orc. You block the orc's attack.
The orc knight hits you with a +0 war axe.
The orc warrior sings a few bars from the Orcish anthem.
You block the orc warrior's attack.
Unknown command.
You slash the orc knight!
The orc knight is moderately wounded.
You hit the orc warrior but do no damage.
You hit the orc but do no damage. You block the orc's attack.
You block the orc knight's attack. You block the orc warrior's attack.
Unknown command.
You hit the orc knight but do no damage.
The orc knight is moderately wounded.
You slash the orc!
You kill the orc!
Okawaru accepts your kill.
You hit the orc warrior. You block the orc knight's attack.
The orc warrior hits you with a +0 war axe!
* * * LOW HITPOINT WARNING * * *
You slash the orc knight!
The orc knight is severely wounded.
You hit the orc warrior but do no damage.
You block the orc knight's attack.
The orc warrior hits you with a +0 war axe.
* * * LOW HITPOINT WARNING * * *
Unknown command.
You feel much better.
The orc knight hits you but does no damage.
The orc warrior hits you with a +0 war axe!
Unknown command.
You closely miss the orc knight.
The orc knight is severely wounded.
You hit the orc warrior but do no damage.
The orc knight hits you with a +0 war axe.
* * * LOW HITPOINT WARNING * * *
The orc warrior hits you but does no damage. x2
The orc knight hits you with a +0 war axe!
You die...

≈≈≈≈≈≈≈≈...≈≈≈≈≈≈≈
≈≈≈≈≈≈≈≈...≈≈≈≈≈≈≈
≈≈≈≈≈≈≈≈...≈≈≈≈≈≈≈
≈≈≈≈≈≈≈≈.).≈≈≈≈≈≈≈
####~~~~.).~~~~###
#...........#
#####'''#####
#..'....o)..#
#..'....@o..#
####..#..⌠..#..####
#.....#.....#.....#
#.8...#.....#...8.#
#.....#######.....#
#.8#### ####8.#
#..# #..# #.8# #8.#
#..# #..#


You could see an orc knight and an orc warrior (strong).

Vanquished Creatures
  Sigmund (D:2)
  Eustachio (D:3)
  A steam dragon (D:6)
  2 water moccasins
  An orc warrior (Bailey)
  A sky beast (D:6)
  3 ice beasts
  A black bear (D:6)
  A hornet zombie (D:6)
  A phantom (D:4)
  4 water moccasin zombies (D:6)
  2 scorpions
  A wyvern skeleton (D:6)
  A howler monkey (D:5)
  An electric eel (Bailey)
  3 bullfrog zombies (D:6)
  An orc priest (D:3)
  Crazy Yiuf (D:2)
  A hound (D:5)
  3 jellies
  A bullfrog skeleton (D:6)
  2 centaur skeletons (D:6)
  Jessica (D:3)
  3 iguanas
  Ijyb (D:3)
  Terence (D:2)
  2 orc wizards
  2 howler monkey zombies (D:6)
  2 howler monkey skeletons (D:6)
  4 gnolls (Bailey)
  6 adders
  A white imp (D:6)
  3 ufetubi
  A worm (D:4)
  A dart slug (D:1)
  14 orcs
  4 endoplasms
  3 giant cockroaches
  9 goblins
  8 hobgoblins
  11 jackals
  7 kobolds
  9 quokkas
  4 ball pythons
  5 bats
  6 frilled lizards
  2 rats
  2 bushes (D:1)
146 creatures vanquished.

Vanquished Creatures (others)
  5 plants (D:1)
  6 withered plants (D:6)
11 creatures vanquished.

Grand Total: 157 creatures vanquished

Notes
Turn   | Place    | Note
-------+----------+-------------------------------------------
     0 | D:1      | bande the Gargoyle Fighter began the quest for the Orb.
     0 | D:1      | Reached XP level 1. HP: 14/14 MP: 1/1
   215 | D:1      | Reached XP level 2. HP: 19/19 MP: 2/2
   314 | D:1      | Reached skill level 2 in Axes
   460 | D:1      | Reached XP level 3. HP: 12/24 MP: 3/3
  1579 | D:2      | Noticed Terence
  1589 | D:2      | Killed Terence
  1590 | D:2      | Reached XP level 4. HP: 24/29 MP: 4/4
  1965 | D:2      | Found a runed translucent door.
  1965 | D:2      | Noticed Sigmund
  1966 | D:2      | Noticed Crazy Yiuf
  1979 | D:2      | Killed Sigmund
  1980 | D:2      | Reached skill level 3 in Axes
  1980 | D:2      | Reached skill level 1 in Evocations
  1980 | D:2      | Reached XP level 5. HP: 4/33 MP: 5/5
  1980 | D:2      | Reached XP level 6. HP: 4/38 MP: 6/6
  2299 | D:2      | Killed Crazy Yiuf
  2778 | D:3      | Noticed Jessica
  2786 | D:3      | Killed Jessica
  2787 | D:3      | Reached skill level 4 in Axes
  2904 | D:3      | Noticed Ijyb
  2920 | D:3      | Killed Ijyb
  3259 | D:3      | Found a snail-covered altar of Cheibriados.
  3268 | D:3      | Found a shadowy altar of Dithmenos.
  3524 | D:4      | Noticed Eustachio
  3544 | D:3      | Killed Eustachio
  3545 | D:3      | Reached skill level 5 in Armour
  3545 | D:3      | Reached XP level 7. HP: 16/44 MP: 7/7
  4879 | D:4      | Reached skill level 5 in Axes
  4943 | D:5      | Entered Level 5 of the Dungeon
  5095 | D:5      | Reached XP level 8. HP: 23/48 MP: 8/8
  5419 | D:5      | Reached skill level 5 in Fighting
  6223 | D:6      | Reached skill level 6 in Axes
  6426 | D:6      | Found a staircase to the Ecumenical Temple.
  6439 | Temple   | Entered the Ecumenical Temple
  6529 | Temple   | Became a worshipper of Warmaster Okawaru
  6883 | D:6      | Reached skill level 1 in Invocations
  6883 | D:6      | Reached XP level 9. HP: 31/54 MP: 9/9
  6976 | D:6      | Reached * piety under Okawaru
  6984 | D:6      | Identified the +3 buckler of the Original Sin {Dex+3}
  7089 | D:6      | Reached skill level 7 in Axes
  7627 | D:6      | Reached skill level 5 in Shields
  8145 | D:7      | Found a flagged portal.
  8155 | Bailey   | Entered a bailey
  8585 | Bailey   | Noticed an orc knight
  8614 | Bailey   | HP: 1/55 [orc warrior/+0 war axe (3)]
  8616 | Bailey   | Slain by an orc knight

Illustrated notes

Levels and vault maps discovered:
D:1:      dpeg_arrival_central, layout_rooms, serial_forest,
          infiniplex_forest_join, infiniplex_forest_end_2,
          infiniplex_forest_fountain, infiniplex_forest_straight_5,
          infiniplex_forest_join, infiniplex_forest_corner_1,
          infiniplex_forest_clump_tiny, infiniplex_forest_lined_1,
          infiniplex_forest_clump_long, hex_tiny
D:2:      layout_loops_ring, serial_rivers, chequers_serial_rivers_micro_c,
          chequers_serial_rivers_room_b, chequers_serial_rivers_micro_e,
          chequers_serial_rivers_large_b, chequers_serial_rivers_micro_c,
          chequers_serial_rivers_micro_d, dreamdust_princess_bridge,
          uniq_crazy_yiuf_cottage, uniq_terence, uniq_sigmund
D:3:      layout_loops_ring, mainiacjoe_overflow_swirl, roderic_roman_lattice,
          uniq_ijyb, uniq_jessica
D:4:      layout_cave_pods, uniq_eustachio
D:5:      layout_gridville, grunt_decor_fettered
D:6:      layout_basic, minmay_temple_entry_glass, serial_undead,
          serial_undead_c, serial_undead_d, serial_undead_d, serial_undead_b,
          minmay_fractal_squares_gapless_5
D:7:      layout_cave_pods, enter_bailey_2, uniq_maggie, uniq_duvessa
Temple:   zaba_magenta_temple
Bailey:   bailey_axe_of_yendor_kennysheep, bailey

Skill      XL: |  1  2  3  4  5  6  7  8  9 |
---------------+----------------------------+-----
Axes           | 2 3 4 5 6 7 |  7.5
Armour         | 4 5 6 |  6.8
Fighting       | 4 5 6 |  6.1
Evocations     | 1 2 3 4 |  4.5
Shields        | 4 5 |  5.2
Invocations    | 1 2 |  2.7
Unarmed Combat | |  0.3

Action                   |  1- 3 |  4- 6 |  7- 9 || total
-------------------------+-------+-------+-------++-------
Melee: War axe           |   248 |   116 |   327 ||   691
       Unarmed           |       |     4 |       ||     4
  Use: Scroll            |       |       |    15 ||    15
       Potion            |       |       |     3 ||     3
Armor: Scale mail        |    63 |    47 |   271 ||   381
       Skin              |       |     3 |       ||     3
Dodge: Dodged            |    58 |    34 |   176 ||   268
Block: Buckler           |    27 |    27 |   130 ||   184

Table legend: (Time is in decaauts)
 A = Elapsed time spent in this place.
 B = Non-inter-level travel time spent in this place.
 C = Inter-level travel time spent in this place.
 D = Time resting spent in this place.
 E = Time spent auto-exploring this place.
 F = Levels seen in this place.
 G = Mean time per level.
                   A        B        C        D        E       F      G
               +--------+--------+--------+--------+--------+-----+--------+
         Total |   8866 |   8547 |    319 |   2455 |   4399 |   9 |  985.1 |
       Dungeon |   7969 |   7650 |    319 |   1898 |   4297 |   7 | 1138.4 |
        Temple |    430 |    430 |      0 |    321 |     79 |   1 |  430.0 |
        Bailey |    467 |    467 |      0 |    236 |     23 |   1 |  467.0 |
               +--------+--------+--------+--------+--------+-----+--------+

Top non-repeatable levels by time:
     D:6: 1593 daAuts
     D:3: 1417 daAuts
     D:1: 1357 daAuts
     D:2: 1253 daAuts
     D:5: 1176 daAuts
     D:4: 1109 daAuts
  Bailey: 467 daAuts
  Temple: 430 daAuts
     D:7: 61 daAuts
